 Dungeon Crawl Stone Soup version 0.23.1 (webtiles) character file.

Game seed: 10851234533887868546

93 Kairos the Sneak (level 4, -1/21 HPs)
             Began as a Vine Stalker Enchanter on Mar 6, 2019.
             Was a Believer of Uskayaw.
             Succumbed to a kobold's poison
             ... on level 3 of the Dungeon.
             The game lasted 00:02:44 (3001 turns).

Kairos the Sneak (Vine Stalker Enchanter)           Turns: 3001, Time: 00:02:45

Health: -1/21      AC: -1    Str: 12    XL:     4   Next: 61%
Magic:  3/8        EV: 12    Int: 15    God:    Uskayaw [**....]
Gold:   101        SH:  0    Dex: 14    Spells: 6/7 levels left

rFire    . . .     SeeInvis .   a - +2 dagger
rCold    . . .     Gourm    .   (no shield)
rNeg     . . .     Faith    .   b - +0 robe
rPois    .         Spirit   +   (no helmet)
rElec    .         Reflect  .   e - +0 cloak
rCorr    .         Harm     .   (no gloves)
MR       .....                  (no boots)
Stlth    +++.......             (no amulet)
HPRegen  0.47/turn              g - ring of flight
MPRegen  0.11/turn              (no ring)

@: lethally poisoned (-1 -> -12), corroded, flying
A: fangs 2, regeneration 1, magic shield, antimagic bite, no potion heal 3, rot
immunity
a: Stomp, Line Pass, Renounce Religion


You were on level 3 of the Dungeon.
You worshipped Uskayaw.
Uskayaw was noncommittal.
You were hungry.

You visited 1 branch of the dungeon, and saw 3 of its levels.

You collected 101 gold pieces.

Inventory:

Hand Weapons
 a - a +2 dagger (weapon)
Armour
 b - a +0 robe (worn)
 e - a +0 cloak (worn)
Jewellery
 g - a ring of flight (left hand)
Scrolls
 i - 2 scrolls of fog {unknown}
Potions
 f - a potion of heal wounds {unknown}
 h - a potion of lignification {unknown}
Comestibles
 d - 3 rations


   Skills:
 + Level 0.8 Fighting
 + Level 2.1 Short Blades
 + Level 2.2 Dodging
 * Level 4.4 Stealth
 + Level 2.4 Spellcasting
 + Level 3.3 Hexes


You had 6 spell levels left.
You knew the following spells:

 Your Spells              Type           Power        Failure   Level  Hunger
a - Corona                Hex            ##.....      5%          1    #......

Your spell library contained the following spells:

 Spells                   Type           Power        Failure   Level  Hunger
 Ensorcelled Hibernation  Hex/Ice        #.....       16%         2    ###....
 Confuse                  Hex            ##......     16%         3    ###....
 Tukima's Dance           Hex            ##......     16%         3    ###....
 Dazzling Spray           Conj/Hex       #.....       32%         3    ###....


Dungeon Overview and Level Annotations

Branches:
Dungeon (3/15)

Altars:
Qazlal
Uskayaw


Innate Abilities, Weirdness & Mutations

You have extremely sharp teeth.
Your natural rate of healing is unusually fast.
When hurt, damage is shared between your health and your magic reserves.
Your bite disrupts and absorbs the magic of your enemies.
Potions cannot restore your health.
You are immune to rotting.


Message History

You can now pass through a line of other dancers.
You hit the jelly.
Your hands burn!
You bite the jelly. You drain its power.
You feel invigorated.
The jelly is heavily wounded.
The kobold shoots a poisoned needle.
The poisoned needle hits you!
You are lethally poisoned!
The jelly barely misses you.
It was a potion of flight.
You feel very buoyant.
You fly up into the air.
* * * LOW HITPOINT WARNING * * *
You feel sick.
The kobold shoots a poisoned needle.
The poisoned needle hits you!
You are more poisoned.
The jelly hits you. The acid corrodes you!
You are splashed with acid!
* * * LOW HITPOINT WARNING * * *
* * * LOW HITPOINT WARNING * * *
You feel sick.
There is an escape hatch in the ceiling here.
You die...

........# ####.#
?.......# #....#
......... #.####
........# ..## #.# #
.?...K..# ..# #.####.
.......(## #.#####.##...
....>...(####.##.......##
..#!..##J(##.....##.##...
#.......@..(.....#.....##
########.....##.....####
####......##.#
#######.###...#.#
#.....#.#.......# #
#.........###...# ##
#.....##.## #...####.
#........# #.....##.
#.....#### ##..#.##.


You could see a jelly and a kobold.

Vanquished Creatures
  2 adders (D:2)
  An ooze (D:1)
  3 worms
  3 dart slugs (D:2)
  2 leopard geckos
  An orc (D:3)
  3 bats
  A giant cockroach (D:1)
  11 goblins
  9 hobgoblins
  8 frilled lizards
  4 kobolds
  7 rats
55 creatures vanquished.

Notes
Turn   | Place    | Note
-------+----------+-------------------------------------------
     0 | D:1      | Kairos the Vine Stalker Enchanter began the quest for the
                  | Orb.
     0 | D:1      | Reached XP level 1. HP: 9/9 MP: 4/4
   193 | D:1      | Reached skill level 1 in Short Blades
   193 | D:1      | Reached XP level 2. HP: 13/13 MP: 6/6
  1168 | D:2      | Reached skill level 4 in Stealth
  1168 | D:2      | Reached XP level 3. HP: 15/16 MP: 5/7
  1911 | D:2      | Found a hide-covered altar of Uskayaw.
  1928 | D:2      | Became a worshipper of Uskayaw the Reveler
  1937 | D:2      | Reached * piety under Uskayaw
  1967 | D:2      | Reached ** piety under Uskayaw
  2398 | D:2      | Gained mutation: Your natural rate of healing is unusually
                  | fast. [Vine Stalker growth]
  2398 | D:2      | Reached XP level 4. HP: 15/21 MP: 6/8
  2735 | D:2      | Found a stormy altar of Qazlal.
  3000 | D:3      | HP: 1/21 [poisoned by a kobold]
  3001 | D:3      | Succumbed to a kobold's poison

Skill      XL: |  1  2  3  4 |
---------------+-------------+-----
Short Blades   | 1 2 |  2.1
Stealth        | 4 |  4.4
Dodging        | 2 |  2.2
Fighting       | |  0.8
Spellcasting   | |  2.4
Hexes          | |  3.3

Action                   |  1- 3 |  4- 6 || total
-------------------------+-------+-------++-------
Melee: Dagger            |   121 |    60 ||   181
       Bite              |    27 |    12 ||    39
  Use: Scroll            |     3 |       ||     3
       Potion            |       |     1 ||     1
 Stab: Sleeping          |     1 |     7 ||     8
  Eat: Chunk             |     4 |     2 ||     6
Armor: Robe              |    21 |     7 ||    28
Dodge: Dodged            |    74 |    29 ||   103
